Map: Prion Terraces

Players

bobbyguns

  • Race: Zerg Zerg
  • League: Silver

LilDicky - Winner!

  • Race: Zerg Zerg
  • League: Diamond

VOD

http://www.twitch.tv/tumescentpie

Description

Time

  • Played on: Nov. 25, 2015, 12:31 p.m.
  • Length: 10:40
Show
View Real Time Build Order
Export as new Build Order

bobbyguns Zerg 

Build Orders: Pool Only 

Get SALT Encoding   

  12  0:05  Drone  
  13  0:34  Spawning Pool  
  13  0:35  Overlord  
  12  0:36  Drone  
  12  0:39  Drone  
  14  0:45  Extractor  
  14  0:47  Drone, Extractor  
  13  0:57  Drone  
  14  1:18  Drone  
  15  1:20  Overlord  
  15  1:34  Drone  
  15  1:37  Lair  
  16  1:49  Extractor  
  16  1:51  Zergling x4  
  17  2:02  Drone  
  18  2:13  Zergling x2  
  19  2:26  Drone  
  20  2:34  Metabolic Boost  
  21  2:37  Zergling x2  
  21  2:49  Spine Crawler  
  20  2:56  Zergling x4  
  22  3:07  Zergling x2  
  23  3:17  Drone, Spire  
  21  3:51  Queen  
  21  3:55  Overlord x2  
  23  4:12  Evolution Chamber  
  21  4:23  Zergling x2  
  22  4:24  Baneling Nest  
  18  4:59  Mutalisk x2  
  22  5:13  Baneling  
  22  5:20  Mutalisk  
  23  5:44  Baneling  
  20  6:04  Mutalisk x2  
  20  6:05  Mutalisk  
  17  6:40  Mutalisk  
  17  6:44  Drone  
  17  6:45  Drone x2  
  16  7:15  Drone  
  16  7:30  Drone  
  16  7:39  Drone  
  17  7:52  Drone  
  19  7:58  Drone  
  19  8:06  Drone  
  20  8:16  Zergling x2  
  20  8:18  Drone  
  22  8:44  Drone x2  
  24  9:02  Baneling  
  20  9:05  Zergling x4  
  13  9:28  Zergling x4  
  14  9:32  Drone  
  15  9:41  Drone  
  16  9:51  Drone  
  17  10:06  Drone  
Show
View Real Time Build Order
Export as new Build Order

LilDicky Zerg - Winner!

Build Orders: Pool First 

Get SALT Encoding   

  12  0:02  Drone  
  13  0:20  Drone  
  14  0:22  Overlord  
  14  0:25  Extractor  
  14  0:27  Drone  
  14  0:28  Extractor  
  13  0:32  Drone  
  16  0:48  Spawning Pool  
  15  0:53  Drone  
  15  0:54  Drone  
  17  1:05  Drone  
  18  1:17  Drone  
  19  1:25  Drone  
  19  1:26  Hatchery, Extractor  
  18  1:37  Drone  
  19  1:47  Drone  
  19  1:54  Queen  
  22  2:04  Overlord  
  22  2:22  Drone  
  23  2:27  Spine Crawler  
  23  2:29  Queen  
  22  2:31  Spine Crawler  
  22  2:33  Spine Crawler  
  22  2:40  Zergling x2  
  22  2:41  Zergling x4  
  22  2:42  Metabolic Boost  
  25  2:46  Queen  
  24  4:02  Roach Warren  
  23  4:03  Drone x7  
  23  4:04  Overlord  
  30  4:23  Zergling x2  
  30  4:57  Spore Crawler  
  31  5:00  Roach x4  
  31  5:05  Overlord  
  31  5:06  Overlord  
  37  5:24  Roach x2  
  37  5:28  Lair  
  39  5:41  Hatchery  
  38  5:43  Roach  
  38  5:44  Roach  
  42  6:06  Spore Crawler  
  41  6:12  Spore Crawler  
  40  6:33  Glial Reconstitution  
  28  6:59  Extractor  
  27  7:02  Hydralisk Den  
  27  7:03  Drone  
  27  7:04  Drone x5  
  27  7:06  Drone  
  33  7:25  Queen  
  33  7:38  Hydralisk  
  33  7:39  Hydralisk x5  
  45  7:46  Overlord x3  
  45  8:01  Extractor x2  
  43  8:15  Zergling x2  
  43  8:16  Drone  
  43  8:17  Drone x6  
  51  8:37  Drone x3  
  51  8:38  Drone x4  
  50  9:29  Zergling x2  
  50  9:30  Zergling x24  
  55  9:31  Queen  
  57  9:56  Hatchery  
Tags
 
Add a new tag
Caveats
  • Supply blocks, unpowered buildings, or Contaminate may cause inaccurate times.
  • Supply counts are checked every 10 seconds.